 Dungeon Crawl Stone Soup version 0.28-a0-1493-g08698888e4 (webtiles) character file.

Game seed: 15032931296452479652

801 kae the Ruffian (level 7, 0/66 HPs)
             Began as a Troll Transmuter on Jan 12, 2022.
             Succumbed to a hornet's poison
             ... on level 5 of the Dungeon.
             The game lasted 00:02:53 (4266 turns).

kae the Ruffian (Troll Transmuter)                  Turns: 4266, Time: 00:02:54

Health: 0/66       AC:  5    Str: 19    XL:     7   Next: 59%
Magic:  18/18      EV:  9    Int: 11    God:
Gold:   161        SH:  0    Dex: 10    Spells: 3/11 levels left

rFire   . . .      SeeInvis .     - Unarmed
rCold   . . .      Faith    .   (no shield)
rNeg    . . .      Spirit   .   a - +0 robe
rPois   .          Reflect  .   (helmet currently unavailable)
rElec   .          Harm     .   b - +0 cloak
rCorr   .          Rampage  .   (gloves unavailable)
Will    .....                   (boots unavailable)
Stlth   +.........              (no amulet)
HPRegen 1.01/turn               d - ring of magical power
MPRegen 0.16/turn               (no ring)

@: lethally poisoned (0 -> -31), appendages (expiring), slowed, very slow
A: horns 2, talons 2, large, unfitting armour, claws 3, regeneration 1, shaggy
fur 1, tough skin 1
a: End Transformation


You were on level 5 of the Dungeon.
You had temporarily grown beastly horns and talons.
You visited 1 branch of the dungeon, and saw 5 of its levels.

You collected 161 gold pieces.

Inventory:

Armour
 a - a +0 robe (worn)
 b - a +0 cloak (worn)
 l - a scarf of repulsion
Jewellery
 d - a ring of magical power (left claw)
Scrolls
 c - a scroll of magic mapping
 j - a scroll of silence
Potions
 e - 2 potions of curing
 f - 2 potions of mutation
 g - a potion of degeneration {unknown}
 h - 2 potions of brilliance {unknown}
 i - 2 potions of heal wounds {unknown}
 m - 2 potions of ambrosia {unknown}


   Skills:
 + Level 2.9 Fighting
 + Level 1.6 Dodging
 * Level 6.1 Unarmed Combat
 + Level 2.6 Spellcasting
 + Level 3.0 Transmutations
 - Level 1.0 Poison Magic


You had 3 spell levels left.
You knew the following spells:

 Your Spells              Type           Power      Damage    Failure   Level
a - Beastly Appendage     Tmut           16%        N/A       8%          1
b - Spider Form           Tmut/Pois      5%         N/A       34%         3
c - Ice Form              Ice/Tmut       4%         N/A       82%         4

Your spell library contained the following spells:

 Spells                   Type           Power      Damage    Failure   Level
 Wereblood                Tmut           8%         N/A       12%         2
 Passwall                 Tmut/Erth      3%         N/A       22%         2
 Magic Dart               Conj           4%         1d3       28%         1
 Shock                    Conj/Air       4%         1d3       28%         1
 Call Imp                 Summ           1%         N/A       38%         2
 Ensorcelled Hibernation  Hex/Ice        2%         N/A       38%         2
 Mephitic Cloud           Conj/Pois/Air  2%         N/A       58%         3
 Swiftness                Air            1%         N/A       63%         3
 Airstrike                Air            0%         N/A       95%         4


Dungeon Overview and Level Annotations

Branches:
Dungeon (5/15)
 Temple: D:4-7

Altars:
Zin


Innate Abilities, Weirdness & Mutations

You have temporarily grown beastly horns and talons.
You are too large for most types of armour.
You have claws for hands.
Your natural rate of healing is unusually fast.
You are covered in fur. (AC +1)
You have tough skin. (AC +1)


Message History

The adder hisses angrily.
A hornet comes into view.
Your transformation is almost over.
The hornet buzzes angrily.
The adder closely misses you. The adder barely misses you.
There are monsters nearby!
You claw the adder!
You kill the adder!
You closely miss the hornet. Your headbutt misses the hornet.
The hornet stings you.
You are poisoned.
You feel yourself slow down. The hornet stings you.
You are more poisoned.
You feel as though you will be slow longer.
A hornet is nearby!
You claw the hornet! You claw the hornet, but do no damage.
The hornet is heavily wounded.
You feel extremely sick. The hornet stings you!
You are more poisoned.
You feel as though you will be slow longer.
The hornet stings you.
You are more poisoned.
You suddenly lose the ability to move!
You feel extremely sick. The hornet stings you!
* * * LOW HITPOINT WARNING * * *
You are more poisoned.
You feel as though you will be slow longer.
You can move again.
You are too injured to fight recklessly!
Unknown command.
Unknown command.
Unknown command.
Okay, then.
Okay, then.
Blink to where?
Press: ? - help, Dir - move target
As you read the scroll of blinking, it crumbles to dust.
You die...

# #.. #####
#....######...#
#.....y§....#.#
#....######..@#
... ##.## # #.#
#.# #.# #.# #.#
#.# #.#


You could see a hornet.

Vanquished Creatures
  3 yaks
  A phantom (D:4)
  A centaur skeleton (D:4)
  2 hounds
  2 orc wizards (D:4)
  5 adders
  A gnoll (D:3)
  An adder skeleton (D:4)
  6 worms
  2 dart slugs
  2 orcs (D:4)
  8 ball pythons
  3 bats
  13 endoplasms
  2 giant cockroaches
  5 goblins
  8 hobgoblins
  2 quokkas (D:3)
  5 frilled lizards
  8 kobolds
  5 rats
85 creatures vanquished.

Notes
Turn   | Place    | Note
-------+----------+-------------------------------------------
     0 | D:1      | kae the Troll Transmuter began the quest for the Orb.
     0 | D:1      | Reached XP level 1. HP: 18/18 MP: 1/1
    65 | D:1      | Found a faded altar of an unknown god.
   184 | D:1      | Reached skill level 1 in Fighting
   187 | D:1      | Reached XP level 2. HP: 27/27 MP: 0/3
  1196 | D:2      | Reached XP level 3. HP: 24/33 MP: 4/4
  1216 | D:2      | Learned a level 3 spell: Spider Form
  1623 | D:2      | Found a glowing silver altar of Zin.
  2207 | D:3      | Reached XP level 4. HP: 41/41 MP: 5/5
  2472 | D:3      | Reached skill level 4 in Unarmed Combat
  2480 | D:3      | Reached skill level 1 in Poison Magic
  2496 | D:3      | Reached XP level 5. HP: 48/48 MP: 6/6
  2991 | D:4      | Noticed a phantom
  3005 | D:4      | Killed a phantom
  3109 | D:4      | Learned a level 4 spell: Ice Form
  3212 | D:4      | Reached XP level 6. HP: 19/57 MP: 8/8
  3220 | D:4      | Noticed a yak
  3497 | D:4      | Killed a yak
  3498 | D:4      | Reached skill level 5 in Unarmed Combat
  3513 | D:4      | Noticed a yak
  3515 | D:4      | Noticed a yak
  3548 | D:3      | Killed a yak
  3549 | D:3      | Reached XP level 7. HP: 10/66 MP: 9/9
  3622 | D:3      | Killed a yak
  3623 | D:3      | Reached skill level 6 in Unarmed Combat
  4210 | D:5      | Entered Level 5 of the Dungeon
  4260 | D:5      | Noticed a hornet
  4264 | D:5      | Paralysed by a hornet for 2 turns
  4266 | D:5      | Succumbed to a hornet's poison

Illustrated notes

Levels and vault maps discovered:
D:1:      lightli_arrival_farm, layout_loops_corners,
          dreamdust_ecumenical_altar_grove, solitary_fountain
D:2:      layout_loops_corners, basic_altar, minmay_bisected
D:3:      layout_loops_ring, minmay_vboxes
D:4:      layout_layer_cave, grunt_decor_one_mirror, minmay_quantized
D:5:      layout_loops_corners, minmay_temple_entry_mist, serial_shops,
          nicolae_stop_n_shop_1, kennysheep_little_box,
          nicolae_shop_advertising_works [nicolae_subvault_shop_adworks], shop,
          nicolae_square_shop, chequers_serial_rivers_room_a,
          uniq_prince_ribbit1

Skill      XL: |  1  2  3  4  5  6  7 |
---------------+----------------------+-----
Fighting       | 1 2 |  2.9
Unarmed Combat | 4 5 6 |  6.1
Transmutations | 2 3 |  3.0
Poison Magic   | 1 |  1.0
Spellcasting   | 2 |  2.6
Dodging        | |  1.6

Action                   |  1- 3 |  4- 6 |  7- 9 || total
-------------------------+-------+-------+-------++-------
Melee: Unarmed           |    96 |   122 |    20 ||   238
       Punch             |     4 |     2 |     1 ||     7
       Kick              |     2 |     7 |     1 ||    10
       Headbutt          |     1 |     4 |     1 ||     6
 Cast: Beastly Appendage |    15 |     8 |     3 ||    26
  Use: Scroll            |     6 |     4 |     1 ||    11
Armor: Robe              |    42 |    35 |     4 ||    81
Dodge: Dodged            |    41 |    50 |    10 ||   101

Table legend: (Time is in decaauts)
 A = Elapsed time spent in this place.
 B = Non-inter-level travel time spent in this place.
 C = Inter-level travel time spent in this place.
 D = Time resting spent in this place.
 E = Time spent auto-exploring this place.
 F = Levels seen in this place.
 G = Mean time per level.
                   A        B        C        D        E       F      G
               +--------+--------+--------+--------+--------+-----+--------+
         Total |   4269 |   3987 |    282 |    103 |   3270 |   5 |  853.8 |
       Dungeon |   4269 |   3987 |    282 |    103 |   3270 |   5 |  853.8 |
               +--------+--------+--------+--------+--------+-----+--------+

Top non-repeatable levels by time:
     D:4: 1187 daAuts
     D:1: 1180 daAuts
     D:2: 944 daAuts
     D:3: 902 daAuts
     D:5: 55 daAuts
